 Dungeon Crawl Stone Soup version 0.31-a0-83-gbff143cfd1 (webtiles) character file.

Game seed: 8320563373747170932

523 senseless the Shield-Bearer (level 7, -10/62 HPs)
             Began as a Minotaur Fighter on May 24, 2023.
             Mangled by a two-headed ogre
             ... wielding a +0 giant spiked club
              (19 damage)
             ... on level 5 of the Dungeon.
             The game lasted 00:06:43 (3171 turns).

senseless the Shield-Bearer (Minotaur Fighter)      Turns: 3171, Time: 00:06:44

Health: -10/62     AC: 14    Str: 22    XL:     7   Next: 2%
Magic:  6/6        EV:  8    Int:  5    God:
Gold:   208        SH:  5    Dex: 10    Spells: 6/6 levels left

rFire   + . .        a - +0 war axe
rCold   . . .        c - +0 buckler
rNeg    . . .        d - +0 chain mail
rPois   +            (helmet restricted)
rElec   .            j - +1 cloak
rCorr   .            e - +0 pair of gloves
SInv    .            l - +0 pair of boots
Will    .....        m - amulet of regeneration Stlth
                     h - ring of poison resistance
HPRegen 1.10/turn    k - ring of protection from fire
MPRegen 0.10/turn

%: no passive effects
@: no status effects
A: horns 2, retaliatory headbutt
a: no special abilities


You were on level 5 of the Dungeon.
You visited 1 branch of the dungeon, and saw 5 of its levels.

You collected 208 gold pieces.

Inventory:

Hand Weapons
 a - a +0 war axe (weapon)
 b - a +2 vampiric dagger
Missiles
 z - a throwing net (quivered)
Armour
 c - a +0 buckler (worn)
 d - a +0 chain mail (worn)
 e - a +0 pair of gloves (worn)
 j - a +1 cloak (worn)
 l - a +0 pair of boots (worn)
Jewellery
 h - a ring of poison resistance (left hand)
 k - a ring of protection from fire (right hand)
 m - an amulet of regeneration (around neck)
 q - a ring of protection from cold
 t - an amulet of reflection
 y - a ring of positive energy
Wands
 B - a wand of charming (8)
Scrolls
 f - 3 scrolls of magic mapping {unknown}
 g - 3 scrolls of vulnerability {unknown}
 i - a scroll of noise {unknown}
 r - a scroll of enchant weapon {unknown}
 u - a scroll of poison {unknown}
 v - 2 scrolls of identify {unknown}
 w - a scroll of fear {unknown}
 x - a scroll of torment {unknown}
 C - a scroll of silence {unknown}
 E - a scroll of immolation {unknown}
Potions
 n - a potion of curing
 p - a potion of resistance {unknown}
 s - a potion of ambrosia {unknown}
 A - a potion of haste {unknown}
 D - a potion of berserk rage {unknown}
 F - a potion of experience {unknown}


   Skills:
 + Level 5.7 Fighting
 + Level 5.0 Axes
 + Level 5.7 Armour
 + Level 5.7 Shields


You had 6 spell levels left.
You didn't know any spells.
Your spell library contained the following spells:

 Spells                   Type           Power      Damage    Failure   Level
 Dazzling Flash           Conj/Hex       0%         N/A       100%        3
 Agony                    Necr           0%         N/A       100%        5
 Silence                  Hex/Air        0%         N/A       100%        5


Dungeon Overview and Level Annotations

Branches:
Dungeon (5/15)
 Temple: D:4-7

Altars:
Elyvilon

Shops:
D:1 (


Innate Abilities, Weirdness & Mutations

You have a pair of horns on your head.
You reflexively headbutt those who attack you in melee.


Message History

There is a stone staircase leading up here.
Found a stone staircase leading down.
There is a stone staircase leading down here.
Done exploring.
Search for what [Enter for "."]? .
There is a stone staircase leading down here.
You climb downwards.
You hear the sound of rushing water.
There is an entrance to a sewer on this level.
Hurry and find it before the portal rusts away!
The two-headed ogre shouts in stereo!
You hear a shout! x2
Found a ring mail.
There is a stone staircase leading up here.
It was a potion of curing.
You feel better.
It was a potion of magic.
Magic courses through your body.
You hit the two-headed ogre but do no damage.
You headbutt the two-headed ogre.
The two-headed ogre is lightly wounded.
The two-headed ogre hits you with a +0 giant spiked club!! x2
You slash the two-headed ogre! You headbutt the two-headed ogre.
The two-headed ogre is moderately wounded.
You block the two-headed ogre's attack.
The two-headed ogre hits you with a +0 giant spiked club!
* * * LOW HITPOINT WARNING * * *
You hit the two-headed ogre.
The two-headed ogre is heavily wounded.
A gnoll comes into view. It is wielding a +0 flail.
You hit the two-headed ogre.
The two-headed ogre is heavily wounded.
The two-headed ogre hits you but does no damage.
The two-headed ogre barely misses you.
You slash the two-headed ogre!
The two-headed ogre is severely wounded.
You block the two-headed ogre's attack.
The two-headed ogre hits you with a +0 giant spiked club.
* * * LOW HITPOINT WARNING * * *
You slash the two-headed ogre!
Your headbutt misses the two-headed ogre.
The two-headed ogre is almost dead.
The two-headed ogre hits you with a +0 giant spiked club!!
You die...

## .. .# #
[##.#
####....#..
#gO@.......
#.####..##.
.. ... ## .


You could see a two-headed ogre and a gnoll.

Vanquished Creatures
  Sigmund (D:3)
  A scorpion (D:4)
  An iguana (D:4)
  An orc wizard (D:3)
  Natasha (thrice) (D:3)
  7 gnolls
  6 adders
  An ufetubus (D:3)
  3 dart slugs
  4 orcs (D:3)
  5 ball pythons
  5 bats
  6 endoplasms
  A giant cockroach (D:4)
  8 goblins
  A hobgoblin (D:1)
  2 quokkas
  2 frilled lizards (D:3)
  4 kobolds
  2 rats (D:3)
64 creatures vanquished.

Notes
Turn   | Place    | Note
-------+----------+-------------------------------------------
     0 | D:1      | senseless the Minotaur Fighter began the quest for the Orb.
     0 | D:1      | Reached XP level 1. HP: 19/19 MP: 0/0
   405 | D:1      | Found Eveskul's Weapon Shop.
   432 | D:1      | Reached XP level 2. HP: 19/27 MP: 1/1
   834 | D:2      | Found a faded altar of an unknown god.
   925 | D:2      | Prayed at the altar of an unknown god.
   925 | D:2      | Became a worshipper of Elyvilon the Healer
   925 | D:2      | Reached * piety under Elyvilon
   926 | D:2      | Fell from the grace of Elyvilon
  1091 | D:2      | Reached XP level 3. HP: 33/33 MP: 2/2
  1618 | D:3      | Reached XP level 4. HP: 26/41 MP: 3/3
  1683 | D:3      | Noticed Sigmund
  1687 | D:3      | Killed Sigmund
  1688 | D:3      | Reached skill level 5 in Fighting
  1688 | D:3      | Reached skill level 5 in Armour
  1688 | D:3      | Reached skill level 5 in Shields
  1688 | D:3      | Reached XP level 5. HP: 48/48 MP: 4/4
  1696 | D:3      | Reached XP level 6. HP: 56/56 MP: 5/5
  1821 | D:3      | Noticed Natasha
  1828 | D:3      | Killed Natasha
  2061 | D:3      | Noticed Natasha
  2069 | D:3      | Killed Natasha
  2230 | D:3      | Noticed Natasha
  2235 | D:3      | Killed Natasha
  2773 | D:4      | Reached XP level 7. HP: 62/62 MP: 6/6
  2920 | D:4      | Reached skill level 5 in Axes
  3163 | D:5      | Entered Level 5 of the Dungeon
  3163 | D:5      | Noticed a two-headed ogre
  3171 | D:5      | Mangled by a two-headed ogre

Illustrated notes

Levels and vault maps discovered:
D:1:      amcnicky_arrival_flooded_fountain, layout_basic, serial_shops,
          nicolae_shop_trees, kennysheep_flooded_box
D:2:      layout_basic, hellmonk_ecumenical_altar_pennies_from_heaven
D:3:      layout_loops_ring, uniq_natasha, uniq_sigmund
D:4:      layout_basic
D:5:      layout_basic, nicolae_ru_path_of_blood, portal_sewer_entry_e,
          dk_rats_in_the_wall

Skill      XL: |  1  2  3  4  5  6  7 |
---------------+----------------------+-----
Fighting       | 4 5 |  5.7
Axes           | 3 4 5 |  5.0
Armour         | 4 5 |  5.7
Shields        | 4 5 |  5.7

Action                     |  1- 3 |  4- 6 |  7- 9 || total
---------------------------+-------+-------+-------++-------
  Melee: War axe           |    52 |    85 |     8 ||   145
         Headbutt          |     4 |    11 |     2 ||    17
 Invoke: Renounce Religion |     1 |       |       ||     1
    Use: Potion            |       |     1 |     2 ||     3
 Armour: Scale mail        |    27 |     9 |       ||    36
         Chain mail        |       |    33 |     2 ||    35
  Dodge: Dodged            |    19 |    31 |     3 ||    53
  Block: Buckler           |     9 |    11 |     2 ||    22

Table legend: (Time is in decaauts)
 A = Elapsed time spent in this place.
 B = Non-inter-level travel time spent in this place.
 C = Inter-level travel time spent in this place.
 D = Time resting spent in this place.
 E = Time spent auto-exploring this place.
 F = Levels seen in this place.
 G = Mean time per level.
                   A        B        C        D        E       F      G
               +--------+--------+--------+--------+--------+-----+--------+
         Total |   3219 |   3075 |    144 |      0 |   2631 |   5 |  643.8 |
       Dungeon |   3219 |   3075 |    144 |      0 |   2631 |   5 |  643.8 |
               +--------+--------+--------+--------+--------+-----+--------+

Top non-repeatable levels by time:
     D:4: 878 daAuts
     D:2: 813 daAuts
     D:1: 787 daAuts
     D:3: 730 daAuts
     D:5: 9 daAuts
